 Dungeon Crawl Stone Soup version 0.31.0-9-g3a7656b989 (webtiles) character file.

Game seed: 7013358807988147267

54071 Gottschkopf the Protected (level 14, -12/132 HPs)
             Began as a Minotaur Fighter on Jan 27, 2024.
             Was the Champion of Kikubaaqudgha.
             Mangled by dertzug's ghost (20 damage)
             ... on level 2 of the Lair of Beasts.
             The game lasted 00:44:10 (14193 turns).

Gottschkopf the Protected (Minotaur Fighter)       Turns: 14193, Time: 00:44:10

Health: -12/132    AC: 33    Str: 29    XL:     14   Next: 33%
Magic:  11/11      EV: 16    Int:  4    God:    Kikubaaqudgha [******]
Gold:   499        SH:  0    Dex: 12    Spells: 13/13 levels left

rFire   . . .        s - +5 hammer "Beetleslayer" {freeze, rCorr Dex-2 SInv}
rCold   . . .        b - +5 kite shield
rNeg    . . .        z - +7 chain mail of the Mind {Will+}
rPois   .            (helmet restricted)
rElec   .            t - +2 cloak
rCorr   +            L - +2 pair of gloves
SInv    +            j - +2 pair of boots {Fly}
Will    ++...        (no amulet) Stlth
                     c - +4 ring of strength
HPRegen 0.42/turn    F - +5 ring of evasion
MPRegen 0.12/turn

%: no passive effects
@: confused, ambrosia-drunk, flying, invisible
A: horns 2, retaliatory headbutt, iridescent scales 1, agile 1, low MP 1
a: Renounce Religion, Unearth Wretches, Torment, Brand Weapon With Pain, Receive
Forbidden Knowledge


You were on level 2 of the Lair of Beasts.
You worshipped Kikubaaqudgha.
Kikubaaqudgha was exalted by your worship.
You visited 4 branches of the dungeon, and saw 17 of its levels.
You also visited: Bailey.

You collected 800 gold pieces.
You spent 301 gold pieces at shops.

Inventory:

Hand Weapons
 s - the +5 hammer "Beetleslayer" (weapon) {freeze, rCorr Dex-2 SInv}
   (You found it on level 2 of the Dungeon)

   Dex-2:     It affects your dexterity (-2).
   SInv:      It lets you see invisible.
   rCorr:     It protects you from acid and corrosion.
 Q - a +5 war axe of venom
Missiles
 B - a throwing net (quivered)
 K - 4 javelins
Armour
 b - a +5 kite shield (worn)
 j - a +2 pair of boots of flying (worn)
 l - a +1 pair of boots
 t - a +2 cloak (worn)
 z - the +7 chain mail of the Mind (worn) {Will+}
   (You found it on level 3 of the Dungeon)

   Will+:     It increases your willpower.
 L - a +2 pair of gloves (worn)
Magical Staves
 h - a staff of air
Jewellery
 c - a +4 ring of strength (left hand)
 n - a ring of ice
 A - a ring of fire
 E - a ring of fire
 F - a +5 ring of evasion (right hand)
 N - a +5 ring of evasion
Wands
 u - a wand of flame (41)
 H - a wand of iceblast (8)
Scrolls
 e - 4 scrolls of amnesia {unknown}
 i - 2 scrolls of enchant weapon
 k - 8 scrolls of teleportation
 m - 2 scrolls of fear {unknown}
 o - 6 scrolls of vulnerability
 w - 3 scrolls of revelation {unknown}
 y - 2 scrolls of summoning {unknown}
 C - 2 scrolls of fog {unknown}
 D - 2 scrolls of poison {unknown}
 G - a scroll of noise {unknown}
 J - a scroll of silence {unknown}
 P - 2 scrolls of torment {unknown}
Potions
 a - 3 potions of haste
 d - 7 potions of might
 f - 6 potions of curing
 g - 2 potions of attraction
 p - 4 potions of brilliance
 q - 3 potions of invisibility
 r - a potion of magic
 v - 2 potions of enlightenment
 x - 2 potions of lignification
 I - 2 potions of mutation
 M - 8 potions of ambrosia
 O - a potion of berserk rage
 R - a potion of resistance


   Skills:
 + Level 14.1 Fighting
 - Level 2.4 Long Blades
 + Level 14.1 Maces & Flails
 + Level 14.1 Armour
 + Level 7.3 Dodging
 + Level 14.1 Shields


You had 13 spell levels left.
You didn't know any spells.
Your spell library contained the following spells:

 Spells                   Type           Power      Damage    Failure   Level
 Foxfire                  Conj/Fire      0%         2x1d4     94%         1
 Kiss of Death            Conj/Necr      0%         2d5       94%         1
 Necrotise                Necr           0%         1d4       94%         1
 Summon Small Mammal      Summ           0%         N/A       94%         1
 Cigotuvi's Dreadful Rot  Necr/Alch/Air  0%         N/A       98%         2
 Lesser Beckoning         Tloc           0%         N/A       98%         2
 Scorch                   Fire           0%         2d5       98%         2
 Call Canine Familiar     Summ           0%         N/A       100%        3
 Gell's Gravitas          Tloc           0%         N/A       100%        3
 Inner Flame              Hex/Fire       0%         N/A       100%        3
 Teleport Other           Tloc           0%         N/A       100%        3
 Tukima's Dance           Hex            0%         N/A       100%        3
 Anguish                  Hex/Necr       0%         N/A       100%        4
 Animate Dead             Necr           0%         N/A       100%        4
 Dimensional Bullseye     Hex/Tloc       0%         N/A       100%        4
 Dispel Undead            Necr           0%         3d6       100%        4
 Flame Wave               Conj/Fire      0%         2d4       100%        4
 Iskenderun's Mystic Bla  Conj/Tloc      0%         2d3       100%        4
 Martyr's Knell           Necr/Summ      0%         N/A       100%        4
 Passage of Golubria      Tloc           0%         N/A       100%        4
 Sticky Flame             Fire/Alch      0%         2d4       100%        4
 Summon Blazeheart Golem  Fire/Summ      0%         N/A       100%        4
 Vhi's Electric Charge    Tloc/Air       0%         N/A       100%        4
 Arcjolt                  Conj/Air       0%         1d10      100%        5
 Borgnjor's Vile Clutch   Necr/Erth      0%         N/A       100%        5
 Yara's Violent Unravell  Hex/Alch       0%         3d3       100%        5
 Dispersal                Tloc           0%         N/A       100%        6
 Plasma Beam              Fire/Air       0%         2x1d10    100%        6
 Starburst                Conj/Fire      0%         6d3       100%        6
 Summon Cactus Giant      Summ           0%         N/A       100%        6
 Maxwell's Capacitive Co  Air            0%         ∞         100%        8


Dungeon Overview and Level Annotations

Branches:
Dungeon (10/15)            Temple (0/1) D:4            Lair (5/5) D:10
  Swamp (1/4) Lair:2        Snake (1/4) Lair:2       Bailey (visited)
  Slime: Lair:4-5       Orc: D:9-12

Altars:
Ashenzari
Dithmenos
Hepliaklqana
Kikubaaqudgha
Makhleb
Nemelex Xobeh
Qazlal
Ru
Sif Muna
Uskayaw
Wu Jian
Yredelemnul
Zin

Shops:
D:2 =   D:4 =   D:8 ***:

Annotations:
Lair:2 dertzug's ghost, adept VSFi


Innate Abilities, Weirdness & Mutations

You have a pair of horns on your head.
You reflexively headbutt those who attack you in melee.
You are partially covered in iridescent scales. (AC +2)
You are agile. (Dex +4, Str/Int -1)
Your magical capacity is low. (-10% MP)


Message History

The spriggan rider hits you from afar with the +6 trident of Hard Scrabble {elec, rF+}!
You barely miss dertzug's ghost.
Dertzug's ghost is severely damaged.
The spriggan barely misses you. You block dertzug's ghost's attack.
The spriggan rider hits you from afar with the +6 trident of Hard Scrabble {elec, rF+}.
You barely miss dertzug's ghost.
Dertzug's ghost is severely damaged.
You block the spriggan's attack. You block dertzug's ghost's attack.
You block the spriggan rider's attack.
You hit dertzug's ghost but do no damage.
Your headbutt misses dertzug's ghost.
Dertzug's ghost is severely damaged.
A nearby blink frog perishes wretchedly. x2
The spriggan barely misses you. You block dertzug's ghost's attack.
You barely miss dertzug's ghost.
Dertzug's ghost is severely damaged.
The spriggan rider hits you from afar with the +6 trident of Hard Scrabble {elec, rF+}!!
The spriggan hits you from afar with a +0 trident.
You closely miss dertzug's ghost. Your headbutt misses dertzug's ghost.
Dertzug's ghost is severely damaged.
You block dertzug's ghost's attack.
The spriggan rider hits you from afar with the +6 trident of Hard Scrabble {elec, rF+}.
* * * LOW HITPOINT WARNING * * *
You are electrocuted!
* * * LOW HITPOINT WARNING * * *
You fade into invisibility!
The spriggan closely misses you. You block dertzug's ghost's attack.
You block the spriggan rider's attack.
You hit dertzug's ghost but do no damage.
Dertzug's ghost is severely damaged.
You block dertzug's ghost's attack.
You closely miss dertzug's ghost.
Dertzug's ghost is severely damaged.
Dertzug's ghost hits you!!
* * * LOW HITPOINT WARNING * * *
You block the spriggan rider's attack.
You are confused.
You feel invigorated. Dertzug's ghost hits you!!
You die...
Kikubaaqudgha rasps: "You have failed me!
Welcome... death!"

......#♣?.♣.. #.....<.........>
.....## ♣.!! ##...............
.....#♣♣♣..♣♣♣ ♣♣#..P..#.........
.....#♣....h.♣♣.♣##..##..........
....##♣.###'###.♣#..###P.....[..#
...######8.†.8## #...###.....####
...##......†...###...###.....###P
....#........hi##P....##.....##P†
.............ihW@....##P.....##..
...#P.....##...#########.....###.
...#......##....#### #P.....####
...#......##...###P#####.....##.#
...###....##.....................
....P#...#.#.....................
.................................
.................................
.######..........................


You could see a spriggan rider, a polar bear (unable to see you), a spriggan, a
wolf and dertzug's ghost (unable to see you).

Vanquished Creatures
  A rakshasa (D:10)
  2 vault guards (Bailey)
  4 two-headed ogres
  10 death yaks
  A skyshark (Lair:3)
  A salamander (Lair:2)
  3 black mambas
  5 cane toads
  4 rime drakes
  7 komodo dragons
  2 trolls
  2 polar bears
  A queen bee (Lair:1)
  Prince Ribbit (Bailey)
  2 hornets
  7 blink frogs
  2 tyrant leeches (Lair:2)
  21 yaks
  A vampire (D:10)
  A basilisk (Lair:4)
  A wyvern (D:8)
  4 steam dragons
  4 humans (Bailey)
  4 water moccasins
  A hornet zombie (D:8)
  3 orc warriors
  3 ice beasts (D:8)
  6 sky beasts
  2 black bears
  9 wolves
  4 centaurs
  3 ogres
  3 kobold brigands
  2 phantoms
  19 bullfrogs
  2 gnoll sergeants (D:9)
  A wyvern zombie (D:8)
  2 scorpions
  7 wights
  28 killer bees
  4 howler monkeys
  14 electric eels
  4 lava snakes (Lair:2)
  A centaur zombie (D:8)
  3 iron imps (D:9)
  5 jellies
  Crazy Yiuf (D:2)
  A bombardier beetle (D:5)
  13 orc priests
  2 gnoll boudas
  8 hounds
  Jessica (D:3)
  A sleepcap (D:5)
  Natasha (thrice) (D:2)
  An iguana (D:6)
  9 orc wizards
  A killer bee zombie (D:8)
  3 howler monkey zombies (D:8)
  7 adders
  21 gnolls
  3 shadow imps
  A white imp (D:8)
  2 ufetubi (D:5)
  2 ribbon worms
  5 dart slugs
  35 orcs
  7 bats
  13 endoplasms
  4 giant cockroaches
  13 goblins
  13 hobgoblins
  4 jackals (D:2)
  3 quokkas
  3 frilled lizards
  28 kobolds
  7 rats
432 creatures vanquished.

Vanquished Creatures (others)
  2 blink frogs (Lair:2)
  2 orc wizards
  An orc (D:7)
5 creatures vanquished.

Grand Total: 437 creatures vanquished

Notes
Turn   | Place    | Note
-------+----------+-------------------------------------------
     0 | D:1      | Gottschkopf the Minotaur Fighter began the quest for the
                  | Orb.
     0 | D:1      | Reached XP level 1. HP: 19/19 MP: 0/0
   101 | D:1      | Reached XP level 2. HP: 27/27 MP: 1/1
   646 | D:1      | Found a faded altar of an unknown god.
   655 | D:1      | Prayed at the altar of an unknown god.
   655 | D:1      | Became a worshipper of Kikubaaqudgha
   655 | D:1      | Reached * piety under Kikubaaqudgha
   655 | D:1      | Received a gift from Kikubaaqudgha
   778 | D:2      | Reached XP level 3. HP: 23/33 MP: 2/2
  1119 | D:2      | Found a hazy altar of Hepliaklqana.
  1123 | D:2      | Found Piuzul's One-of-a-Kind Rings.
  1124 | D:2      | Noticed Natasha
  1135 | D:2      | Killed Natasha
  1136 | D:2      | Reached XP level 4. HP: 16/41 MP: 3/3
  1156 | D:2      | Noticed Natasha
  1161 | D:2      | Killed Natasha
  1314 | D:2      | Reached ** piety under Kikubaaqudgha
  1436 | D:2      | Identified the +5 hammer "Beetleslayer" {freeze, rCorr
                  | Dex-2 SInv}
  1442 | D:2      | Found a runed translucent door.
  1443 | D:2      | Noticed Crazy Yiuf
  1452 | D:2      | Killed Crazy Yiuf
  1453 | D:2      | Reached skill level 1 in Maces & Flails
  1453 | D:2      | Reached XP level 5. HP: 4/47 MP: 4/4
  1785 | D:2      | Noticed Natasha
  1792 | D:2      | Killed Natasha
  2864 | D:3      | Identified the +7 chain mail of the Mind {Will+}
  2915 | D:3      | Noticed Jessica
  2916 | D:3      | Killed Jessica
  3034 | D:3      | Found a shadowy altar of Dithmenos.
  3034 | D:3      | Found a sacrificial altar of Ru.
  3034 | D:3      | Found a shimmering blue altar of Sif Muna.
  3034 | D:3      | Found a sparkling altar of Nemelex Xobeh.
  3034 | D:3      | Found an ornate altar of the Wu Jian Council.
  3034 | D:3      | Found a burning altar of Makhleb.
  3044 | D:3      | Reached XP level 6. HP: 43/55 MP: 5/5
  3146 | D:3      | Gained mutation: Your magical capacity is low. (-10% MP)
                  | [potion of mutation]
  3146 | D:3      | Gained mutation: You are agile. (Dex +4, Str/Int -1)
                  | [potion of mutation]
  3146 | D:3      | Gained mutation: You are partially covered in iridescent
                  | scales. (AC +2) [potion of mutation]
  3249 | D:4      | Reached skill level 5 in Maces & Flails
  3321 | D:4      | Reached *** piety under Kikubaaqudgha
  3321 | D:4      | Received a gift from Kikubaaqudgha
  3437 | D:4      | Found a staircase to the Ecumenical Temple.
  3879 | D:4      | Found Mizuleh's Jewellery Shop.
  3974 | D:2      | Bought a +4 ring of strength for 150 gold pieces
  4109 | D:5      | Entered Level 5 of the Dungeon
  4115 | D:5      | Reached skill level 5 in Armour
  4115 | D:5      | Reached skill level 5 in Shields
  4118 | D:5      | Reached XP level 7. HP: 59/60 MP: 5/5
  4568 | D:5      | Reached XP level 8. HP: 60/67 MP: 6/6
  5188 | D:6      | Reached **** piety under Kikubaaqudgha
  5590 | D:6      | Noticed a two-headed ogre
  5601 | D:6      | Killed a two-headed ogre
  5602 | D:6      | Reached skill level 10 in Maces & Flails
  5602 | D:6      | Reached XP level 9. HP: 18/73 MP: 7/7
  7813 | D:8      | Found Ciuf's Book Boutique.
  7964 | D:8      | Found Petirud's General Store.
  7968 | D:8      | Found a stormy altar of Qazlal.
  7969 | D:8      | Found a broken altar of Ashenzari.
  7971 | D:8      | Found a hide-covered altar of Uskayaw.
  7991 | D:8      | Found a glowing silver altar of Zin.
  7991 | D:8      | Found Ofun's Assorted Antiques.
  8001 | D:8      | Bought a scroll of brand weapon for 123 gold pieces
  8117 | D:8      | Found a basalt altar of Yredelemnul.
  8161 | D:8      | Reached XP level 10. HP: 75/79 MP: 8/8
  8367 | D:8      | Noticed a two-headed ogre
  8374 | D:8      | Killed a two-headed ogre
  8506 | D:8      | Found Abupi's General Store.
  8540 | D:8      | Bought a scroll of identify for 28 gold pieces
  8756 | D:8      | Noticed a two-headed ogre
  8765 | D:8      | Killed a two-headed ogre
  8766 | D:8      | Reached skill level 10 in Armour
  8766 | D:8      | Reached skill level 10 in Shields
  8802 | D:8      | Reached skill level 5 in Fighting
  9187 | D:9      | Found an ornate altar of the Wu Jian Council.
  9279 | D:9      | Reached ***** piety under Kikubaaqudgha
  9333 | D:9      | Found a flagged portal.
  9343 | Bailey   | Entered a bailey
  9413 | Bailey   | Reached XP level 11. HP: 83/91 MP: 8/8
  9498 | Bailey   | Noticed Prince Ribbit
  9498 | Bailey   | Noticed a vault guard
  9514 | Bailey   | Killed a vault guard
  9526 | Bailey   | Killed Prince Ribbit
  9566 | Bailey   | Noticed a vault guard
  9588 | Bailey   | Killed a vault guard
  9776 | D:9      | Paralysed by a hornet for 2 turns
 10120 | D:9      | Found a burning altar of Makhleb.
 10347 | D:10     | Entered Level 10 of the Dungeon
 10347 | D:10     | Noticed a rakshasa
 10373 | D:10     | Killed a rakshasa
 10710 | D:10     | Noticed a two-headed ogre
 10721 | D:10     | Killed a two-headed ogre
 10862 | D:10     | Found a staircase to the Lair.
 11049 | D:10     | HP: 4/97 [electric eel/bolt of electricity (11)]
 11336 | Lair:1   | Entered Level 1 of the Lair of Beasts
 11382 | Lair:2   | Found a runed translucent door.
 11384 | Lair:2   | Noticed dertzug's ghost (adept VSFi)
 11385 | Lair:2   | Identified the +6 trident of Hard Scrabble {elec, rF+}
 11385 | Lair:2   | Noticed a spriggan rider
 11445 | Lair:2   | Reached XP level 12. HP: 106/106 MP: 9/9
 11484 | Lair:2   | Found a staircase to the Snake Pit.
 11514 | Snake:1  | Entered Level 1 of the Snake Pit
 11650 | Lair:2   | Reached skill level 10 in Fighting
 11695 | Lair:2   | Reached ****** piety under Kikubaaqudgha
 11754 | Lair:3   | Noticed a death yak
 11754 | Lair:3   | Noticed a death yak
 11779 | Lair:3   | Killed a death yak
 11787 | Lair:3   | Killed a death yak
 12098 | Lair:3   | Noticed a death yak
 12121 | Lair:3   | Killed a death yak
 12121 | Lair:3   | Noticed a death yak
 12137 | Lair:4   | Reached skill level 1 in Dodging
 12259 | Lair:5   | Entered Level 5 of the Lair of Beasts
 12312 | Lair:3   | Killed a death yak
 12513 | Lair:1   | Reached skill level 5 in Dodging
 12817 | Lair:1   | Reached XP level 13. HP: 122/122 MP: 10/10
 12836 | Lair:1   | Identified the +7 scimitar "Majedes" {freeze, rPois MP+9
                  | Int+3}
 13358 | Lair:2   | Found a staircase to the Swamp.
 13381 | Swamp:1  | Entered Level 1 of the Swamp
 13381 | Swamp:1  | Noticed a bunyip
 13623 | Lair:2   | Reached XP level 14. HP: 132/132 MP: 11/11
 13896 | Lair:2   | Identified the +2 robe of Ignis's Grace {Regen+}
 14192 | Lair:2   | HP: 2/132 [dertzug's ghost (23)]
 14193 | Lair:2   | Mangled by dertzug's ghost

Illustrated notes

Levels and vault maps discovered:
D:1:      dpeg_arrival_tiny_d, layout_loops_ring,
          ebering_ecumenical_altar_abandoned
D:2:      layout_basic, basic_altar, grunt_ministairs_1,
          nicolae_shop_unique_rings, uniq_natasha, uniq_crazy_yiuf_cottage
D:3:      cheibrodos_fertilizer, layout_basic, uniq_jessica
D:4:      layout_basic, minmay_temple_entry_hall, serial_shops, shop
D:5:      layout_basic, minmay_misc_feat_roman
D:6:      cheibrodos_two_vegetables, layout_layer_cave
D:7:      layout_cave_pools, kennysheep_generic_room_16
D:8:      minmay_bubble_buster, layout_loops_ring, grunt_temple_overflow_open,
          serial_undead, serial_undead_f, serial_undead_f, serial_undead_a,
          serial_undead_b, serial_shops, shop, shop,
          nicolae_shop_real_fake_doors, shop, grunt_decor_cap,
          kennysheep_small_spiral, st_stairs_14
D:9:      layout_roguey, lemuel_crystal_altar, demons_altar, enter_bailey_5
D:10:     layout_basic, erik_lair_island, serial_shops, nicolae_shop_crystal,
          minmay_microvault
Lair:1:   layout_hall_layers, special_room [special_room_bee],
          lemuel_fruit_fields, lemuel_fruit_tree
Lair:2:   layout_regular_city, minmay_swamp_entry_worms,
          nicolae_snake_entry_warm_welcome, ebering_ghost_funeral_grove
Lair:3:   layout_long_grid, st_stairs_6, kennysheep_abandoned_house
Lair:4:   layout_regular_city, nicolae_slime_entry_field_trip,
          hangedman_lair_generics_rect, grunt_megastairs_3,
          infiniplex_staircase_pool_2, serial_bayou_shore_a
Lair:5:   cheibrodos_lair_end_hotspot, layout_loops_ring,
          chequers_serial_rivers_micro_e, nzn_sisyphean_effort
Swamp:1:  layout_basic_swamp, nicolae_swamp_dense_foliage, swamp_pool_1_2,
          nicolae_swamp_spriggan_camp, uniq_roxanne
Snake:1:  layout_rooms

Skill      XL: |  1  2  3  4  5  6  7  8  9 10 11 12 13 |
---------------+----------------------------------------+-----
Fighting       | 4 6 9 13 14 | 14.1
Armour         | 4 5 6 7 9 11 12 13 14 | 14.1
Shields        | 4 5 6 7 9 11 12 13 14 | 14.1
Maces & Flails | 1 4 6 8 10 12 13 14 | 14.1
Dodging        | 5 7 |  7.3
Long Blades    | |  2.4

Action                     |  1- 3 |  4- 6 |  7- 9 | 10-12 | 13-15 || total
---------------------------+-------+-------+-------+-------+-------++-------
  Melee: Long sword        |    25 |       |       |       |       ||    25
         Headbutt          |    14 |    14 |    44 |   174 |    31 ||   277
         Dagger            |    71 |    12 |       |       |       ||    83
         Mace              |       |   104 |   247 |   771 |   136 ||  1258
 Invoke: Unearth Wretches  |       |       |       |       |     1 ||     1
  Evoke: Wand              |       |       |     6 |       |       ||     6
    Use: Scroll            |       |     5 |     2 |    14 |     1 ||    22
         Potion            |       |     2 |     1 |     1 |     3 ||     7
 Armour: Scale mail        |    56 |    19 |       |       |       ||    75
         Chain mail        |       |    46 |   170 |   327 |    39 ||   582
  Dodge: Dodged            |    44 |    40 |    93 |   240 |    39 ||   456
  Block: Buckler           |    22 |     8 |       |       |       ||    30
         Kite shield       |       |    22 |   162 |   595 |    79 ||   858
